PAAA
ALLOWAY HALBERDS @ ATHLETIC CLUB KC RESERVES
06/05/2020
 
TOP OF THE 1ST
Alloway Halberds batting - Pitching for Athletic Club KC Reserves : RHP Tony Madden
Pitching: RHP Tony Madden
Batting: RHB Daniel Molina 0-0: Ball
1-0: Bunted foul
1-1: Fly out, F8 (Flyball, 8LD)
Batting: RHB Bill Stewart 0-0: Called Strike
0-1: Ball
1-1: Foul Ball, location: 2F
1-2: Ball
2-2: Ball
3-2: Base on Balls
Batting: RHB Jonathan Cundall 0-0: Ball
1-0: Ball
2-0: Ball
3-0: Base on Balls
Bill Stewart to second
Batting: LHB Mathew Rose 0-0: Ball
1-0: DOUBLE (Flyball, 8RXD)
Bill Stewart scores
Jonathan Cundall to third
Batting: RHB Juan Martínez 0-0: Foul Ball, location: 2F
0-1: Ball
1-1: Ball
2-1: Foul Ball, location: 2F
2-2: Ball
3-2: Strikes out swinging
Batting: RHB Orlando López 0-0: Called Strike
0-1: Ball
1-1: Called Strike
1-2: Ground out 4-3 (Groundball, 34D)
Top of the 1st over - 1 run(s), 1 hit(s), 0 error(s), 2 left on base; Alloway 1 - Athletic Club KC 0
BOTTOM OF THE 1ST
Athletic Club KC Reserves batting - Pitching for Alloway Halberds : RHP José Alfonzo
Pitching: RHP José Alfonzo
Batting: RHB Javier Díaz 0-0: Ball
1-0: Swinging Strike
1-1: Foul Ball, location: 2F
1-2: Ball
2-2: Fly out, F9 (Flyball, 89M)
Batting: RHB Jason Dunn 0-0: Called Strike
0-1: Foul Ball, location: 2F
0-2: Ball
1-2: Foul Ball, location: 2F
1-2: Strikes out swinging
Batting: LHB Rafael García 0-0: Ball
1-0: Ball
2-0: Called Strike
2-1: Ball
3-1: Ground out 4-3 (Groundball, 34)
Bottom of the 1st over - 0 run(s), 0 hit(s), 0 error(s), 0 left on base; Alloway 1 - Athletic Club KC 0
TOP OF THE 2ND
Alloway Halberds batting - Pitching for Athletic Club KC Reserves : RHP Tony Madden
Batting: RHB Mark Davis 0-0: Called Strike
0-1: Ground out 1-3 (Groundball, 15S)
Batting: LHB Kenji Takahashi 0-0: Called Strike
0-1: Foul Ball, location: 2F
0-2: Foul Ball, location: 2F
0-2: Fly out, F9 (Flyball, 89M)
Batting: RHB Mike Davis 0-0: Ball
1-0: Swinging Strike
1-1: Ground out 6-3 (Groundball, 6)
Top of the 2nd over - 0 run(s), 0 hit(s), 0 error(s), 0 left on base; Alloway 1 - Athletic Club KC 0
BOTTOM OF THE 2ND
Athletic Club KC Reserves batting - Pitching for Alloway Halberds : RHP José Alfonzo
Batting: RHB Nick Simmons 0-0: Fly out, F8 (Flyball, 78XD)
Batting: RHB Robert Hill 0-0: Ball
1-0: Ball
2-0: SINGLE (Line Drive, 78S)
Batting: RHB Adam Hennessey 0-0: Ball
1-0: SINGLE (Line Drive, 6MD)
Robert Hill to second
Runner from 2nd tries for 3rd, SAFE, no throw or cutoff
Batting: RHB Eddie O'Bryan 0-0: Ball
1-0: Called Strike
1-1: Foul Ball, location: 2F
1-2: Ball
2-2: Fly out, F8 (Flyball, 8LM)
Runner from 3rd tags up, SCORES, throw made
Batting: RHB Justin Miles 0-0: Called Strike
0-1: 2-RUN HOME RUN (Flyball, 7D), Distance : 359 ft
Batting: RHB Allen Murphy 0-0: Foul Ball, location: 2F
0-1: Called Strike
0-2: Ball
1-2: Ball
2-2: Foul Ball, location: 2F
2-2: Ball
3-2: Foul Ball, location: 2F
3-2: Foul Ball, location: 2F
3-2: Fly out, F6 (Line Drive, 6)
Bottom of the 2nd over - 3 run(s), 3 hit(s), 0 error(s), 0 left on base; Alloway 1 - Athletic Club KC 3
TOP OF THE 3RD
Alloway Halberds batting - Pitching for Athletic Club KC Reserves : RHP Tony Madden
Batting: RHB Daniel Molina 0-0: Ball
1-0: Ball
2-0: Ball
3-0: Base on Balls
Batting: RHB Bill Stewart 0-0: Ball
1-0: Called Strike
1-1: Ball
2-1: Ball
3-1: Fly out, F4 (Popup, 34)
Batting: RHB Jonathan Cundall 0-0: Ball
1-0: Ball
2-0: Called Strike
2-1: Ball
3-1: Grounds into double play, 6-4-3 (Groundball, 6M)
Top of the 3rd over - 0 run(s), 0 hit(s), 0 error(s), 0 left on base; Alloway 1 - Athletic Club KC 3
BOTTOM OF THE 3RD
Athletic Club KC Reserves batting - Pitching for Alloway Halberds : RHP José Alfonzo
Batting: RHB Javier Díaz 0-0: Foul Ball, location: 2F
0-1: Ball
1-1: Fly out, F8 (Flyball, 8RM)
Batting: RHB Jason Dunn 0-0: Ball
1-0: Ball
2-0: Ball
3-0: Base on Balls
Batting: LHB Rafael García 0-0: Ball
1-0: Foul Ball, location: 2F
1-1: Ball
2-1: Ball
3-1: SINGLE (Groundball, 3D)
Jason Dunn to second
Runner from 2nd tries for 3rd, SAFE, no throw or cutoff
Batting: RHB Nick Simmons 0-0: Ball
1-0: Swinging Strike
1-1: Ball
2-1: Fielders Choice at 2nd, 5-4 (Groundball, 56)
Jason Dunn scores
Batting: RHB Robert Hill 0-0: Ball
Nick Simmons steals 2nd base
1-0: SINGLE (Groundball, 56D)
Nick Simmons to third
Runner from 3rd tries for Home, SAFE, no throw or cutoff
Batting: RHB Adam Hennessey 0-0: Called Strike
0-1: Called Strike
0-2: Fly out, F9 (Line Drive, 89D)
Bottom of the 3rd over - 2 run(s), 2 hit(s), 0 error(s), 1 left on base; Alloway 1 - Athletic Club KC 5
TOP OF THE 4TH
Alloway Halberds batting - Pitching for Athletic Club KC Reserves : RHP Tony Madden
Batting: LHB Mathew Rose 0-0: Fly out, F8 (Flyball, 8RXD)
Batting: RHB Juan Martínez 0-0: Swinging Strike
0-1: Foul Ball, location: 2F
0-2: Ball
1-2: Fly out, F9 (Line Drive, 9S)
Batting: RHB Orlando López 0-0: Ball
1-0: Called Strike
1-1: Called Strike
1-2: Foul Ball, location: 2F
1-2: Foul Ball, location: 2F
1-2: Strikes out looking
Top of the 4th over - 0 run(s), 0 hit(s), 0 error(s), 0 left on base; Alloway 1 - Athletic Club KC 5
BOTTOM OF THE 4TH
Athletic Club KC Reserves batting - Pitching for Alloway Halberds : RHP José Alfonzo
Batting: RHB Eddie O'Bryan 0-0: Called Strike
0-1: Ball
1-1: Foul Ball, location: 2F
1-2: Ball
2-2: Ball
3-2: Ground out 1-3 (Groundball, 25)
Batting: RHB Justin Miles 0-0: Ball
1-0: Foul Ball, location: 2F
1-1: SINGLE (Groundball, 6MD)
Pitching: RHP Steve Terry
Batting: RHB Allen Murphy 0-0: Called Strike
0-1: Ball
1-1: Called Strike
1-2: Grounds into double play, 4-6-3 (Groundball, 4)
Bottom of the 4th over - 0 run(s), 1 hit(s), 0 error(s), 0 left on base; Alloway 1 - Athletic Club KC 5
TOP OF THE 5TH
Alloway Halberds batting - Pitching for Athletic Club KC Reserves : RHP Tony Madden
Batting: RHB Mark Davis 0-0: Foul Ball, location: 2F
0-1: Foul Ball, location: 2F
0-2: Strikes out swinging
Batting: LHB Kenji Takahashi 0-0: Called Strike
0-1: Ball
1-1: Foul Ball, location: 2F
1-2: Ball
2-2: Foul Ball, location: 2F
2-2: Ground out 3-1 (Groundball, 3)
Batting: RHB Mike Davis 0-0: Called Strike
0-1: Ball
1-1: Ball
2-1: Called Strike
2-2: Ground out 6-3 (Groundball, 6M)
Top of the 5th over - 0 run(s), 0 hit(s), 0 error(s), 0 left on base; Alloway 1 - Athletic Club KC 5
BOTTOM OF THE 5TH
Athletic Club KC Reserves batting - Pitching for Alloway Halberds : RHP Steve Terry
Batting: RHB Javier Díaz 0-0: Ground out 5-3 (Groundball, 56)
Batting: RHB Jason Dunn 0-0: Called Strike
0-1: Swinging Strike
0-2: Ball
1-2: Foul Ball, location: 2F
1-2: Fly out, F6 (Popup, 56)
Batting: LHB Rafael García 0-0: Ball
1-0: Ball
2-0: Ball
3-0: Called Strike
3-1: Foul Ball, location: 2F
3-2: SINGLE (Groundball, 34D)
Batting: RHB Nick Simmons 0-0: Ball
1-0: Called Strike
1-1: Called Strike
1-2: Fly out, F8 (Flyball, 8RXD)
Bottom of the 5th over - 0 run(s), 1 hit(s), 0 error(s), 1 left on base; Alloway 1 - Athletic Club KC 5
TOP OF THE 6TH
Alloway Halberds batting - Pitching for Athletic Club KC Reserves : RHP Tony Madden
Batting: RHB Daniel Molina 0-0: Foul Ball, location: 2F
0-1: Reached on error, E5 (Groundball, 56)
Batting: RHB Bill Stewart 0-0: Foul Ball, location: 2F
0-1: Foul Ball, location: 2F
0-2: Ball
1-2: Strikes out looking
Batting: RHB Jonathan Cundall 0-0: Foul Ball, location: 2F
0-1: Ball
Daniel Molina is caught stealing 3rd base
1-1: Foul Ball, location: 2F
1-2: Ball
2-2: Strikes out looking
Top of the 6th over - 0 run(s), 0 hit(s), 1 error(s), 0 left on base; Alloway 1 - Athletic Club KC 5
BOTTOM OF THE 6TH
Athletic Club KC Reserves batting - Pitching for Alloway Halberds : RHP Steve Terry
Batting: RHB Robert Hill 0-0: Ball
1-0: Ball
2-0: Ball
3-0: Called Strike
3-1: Foul Ball, location: 2F
3-2: Ground out 4-3 (Groundball, 4)
Batting: RHB Adam Hennessey 0-0: SINGLE (Popup, 4D)
Batting: RHB Eddie O'Bryan 0-0: Ball
1-0: Foul Ball, location: 2F
1-1: Ball
Wild Pitch!
Adam Hennessey to second
2-1: Ball
3-1: Called Strike
Adam Hennessey steals 3rd base
3-2: Foul Ball, location: 2F
3-2: Foul Ball, location: 2F
3-2: Fly out, F7 (Line Drive, 78M)
Runner from 3rd tags up, SCORES, no throw
Batting: RHB Justin Miles 0-0: Foul Ball, location: 2F
0-1: Ball
1-1: Fly out, F8 (Flyball, 8LM)
Bottom of the 6th over - 1 run(s), 1 hit(s), 0 error(s), 0 left on base; Alloway 1 - Athletic Club KC 6
TOP OF THE 7TH
Alloway Halberds batting - Pitching for Athletic Club KC Reserves : RHP Tony Madden
Batting: LHB Mathew Rose 0-0: Ground out 4-3 (Groundball, 34)
Batting: RHB Juan Martínez 0-0: Foul Ball, location: 2F
0-1: SINGLE (Line Drive, 78M)
Batting: RHB Orlando López 0-0: Ball
1-0: Foul Ball, location: 2F
1-1: Ball
2-1: Fly out, F9 (Flyball, 9M)
Batting: RHB Mark Davis 0-0: Called Strike
0-1: Swinging Strike
0-2: Ball
1-2: Ball
2-2: Strikes out swinging
Top of the 7th over - 0 run(s), 1 hit(s), 0 error(s), 1 left on base; Alloway 1 - Athletic Club KC 6
BOTTOM OF THE 7TH
Athletic Club KC Reserves batting - Pitching for Alloway Halberds : RHP Steve Terry
Batting: RHB Allen Murphy 0-0: Called Strike
0-1: Foul Ball, location: 2F
0-2: SINGLE (Groundball, 5D)
Pitching: RHP Manuel Reyes
Batting: RHB Javier Díaz 0-0: Sac Bunt - play at first, batter OUT! 2-4
Allen Murphy to second
Batting: RHB Jason Dunn 0-0: Ball
1-0: SINGLE (Flyball, 9LS)
Allen Murphy to third
Runner from 3rd tries for Home, SAFE, throw made home
Batting: LHB Rafael García 0-0: Ball
1-0: Called Strike
1-1: Fly out, F8 (Flyball, 89M)
Batting: RHB Nick Simmons 0-0: Called Strike
0-1: Ball
1-1: Ball
2-1: SINGLE (Line Drive, 9S)
Jason Dunn to second
Batting: RHB Robert Hill 0-0: Ball
1-0: Fly out, F7 (Flyball, 78M)
Bottom of the 7th over - 1 run(s), 3 hit(s), 0 error(s), 2 left on base; Alloway 1 - Athletic Club KC 7
TOP OF THE 8TH
Alloway Halberds batting - Pitching for Athletic Club KC Reserves : RHP Tony Madden
Batting: LHB Kenji Takahashi 0-0: Called Strike
0-1: Foul Ball, location: 2F
0-2: Strikes out looking
Batting: RHB Mike Davis 0-0: Foul Ball, location: 2F
0-1: Ground out 6-3 (Groundball, 6)
Batting: RHB Daniel Molina 0-0: Foul Ball, location: 2F
0-1: Ball
1-1: DOUBLE (Line Drive, 78D)
Batting: RHB Bill Stewart 0-0: Ball
1-0: Swinging Strike
1-1: Fly out, F9 (Line Drive, 89D)
Top of the 8th over - 0 run(s), 1 hit(s), 0 error(s), 1 left on base; Alloway 1 - Athletic Club KC 7
BOTTOM OF THE 8TH
Athletic Club KC Reserves batting - Pitching for Alloway Halberds : RHP Manuel Reyes
Batting: RHB Adam Hennessey 0-0: Called Strike
0-1: Ball
1-1: Foul Ball, location: 2F
1-2: Foul Ball, location: 2F
1-2: Ball
2-2: SINGLE (Line Drive, 56)
Batting: RHB Eddie O'Bryan 0-0: Called Strike
Adam Hennessey steals 2nd base
0-1: Ball
Passed Ball!
Adam Hennessey to third
1-1: Ball
2-1: Fly out, F8 (Flyball, 8LM)
Runner from 3rd tags up, SCORES, no throw
Batting: RHB Justin Miles 0-0: Ball
1-0: Ball
2-0: Fly out, F4 (Popup, 4)
Batting: RHB Allen Murphy 0-0: SINGLE (Groundball, 6)
Batting: RHB Javier Díaz 0-0: Fielders Choice at 2nd, U6 (Groundball, 6M)
Bottom of the 8th over - 1 run(s), 2 hit(s), 0 error(s), 1 left on base; Alloway 1 - Athletic Club KC 8
TOP OF THE 9TH
Alloway Halberds batting - Pitching for Athletic Club KC Reserves : RHP Tony Madden
Now at C: Stu Henderson
Batting: RHB Jonathan Cundall 0-0: Swinging Strike
0-1: Fly out, F7 (Flyball, 7LM)
Batting: LHB Mathew Rose 0-0: SINGLE (Line Drive, 9LS)
Batting: RHB Juan Martínez 0-0: Ball
1-0: Swinging Strike
1-1: Ball
2-1: Fly out, F7 (Flyball, 78M)
Batting: RHB Orlando López 0-0: Ball
1-0: Foul Ball, location: 2F
1-1: SINGLE (Flyball, 34D)
Mathew Rose to second
Batting: RHB Mark Davis 0-0: Ball
1-0: Fly out, F8 (Flyball, 8RS)
Top of the 9th over - 0 run(s), 2 hit(s), 0 error(s), 2 left on base; Alloway 1 - Athletic Club KC 8
This league is powered by Out of the Park Baseball, the baseball management simulation game for PC, Mac and Linux
Friday, October 23rd, 2015 - OOTP Baseball 16.9 Build 39